 Dungeon Crawl Stone Soup version 0.20.0-8-g6b59dc7 (webtiles) character file.

3214 Minion the Quickloader (level 9, -10/82 HPs)
             Began as a Minotaur Hunter on May 30, 2017.
             Was a Believer of Okawaru.
             Mangled by an ogre
             ... wielding a +0 giant club
              (15 damage)
             ... on level 6 of the Dungeon.
             The game lasted 00:17:15 (7267 turns).

Minion the Quickloader (Minotaur Hunter)            Turns: 7267, Time: 00:17:16

Health: -10/82     AC: 13    Str: 22    XL:     9   Next: 65%
Magic:  8/8        EV: 12    Int:  8    God:    Okawaru [**....]
Gold:   206        SH:  0    Dex: 14    Spells: 8/8 levels left

rFire    + . .     SeeInvis .   t - +0 war axe
rCold    . . .     Gourm    .   (no shield)
rNeg     . . .     Faith    +   j - +0 chain mail
rPois    .         Spirit   .   (helmet restricted)
rElec    .         Reflect  .   (no cloak)
rCorr    .         Harm     .   w - +0 pair of gloves
MR       .....                  b - +0 pair of boots
Stlth    ..........             u - amulet of faith
Regen    0.3/turn               e - +5 ring of strength
MPRegen  0.2/turn               q - ring of protection from fire

@: no status effects
A: retaliatory headbutt, horns 2
a: Heroism, Renounce Religion


You were on level 6 of the Dungeon.
You worshipped Okawaru.
Okawaru was pleased with you.
You were hungry.

You visited 2 branches of the dungeon, and saw 8 of its levels.

You collected 336 gold pieces.
You spent 130 gold pieces at shops.

Inventory:

Hand Weapons
 t - a +0 war axe (weapon)
 C - a +0 triple crossbow
Missiles
 d - a bolt
Armour
 b - a +0 pair of boots (worn)
 j - a +0 chain mail (worn)
 w - a +0 pair of gloves (worn)
Jewellery
 e - a +5 ring of strength (left hand)
 q - a ring of protection from fire (right hand)
 u - an amulet of faith (around neck)
 v - an uncursed ring of stealth
 x - an uncursed ring of wizardry {unknown}
 E - an uncursed amulet of regeneration {unknown}
 G - an uncursed amulet of rage {unknown}
Wands
 y - a wand of digging (11/24)
 K - a wand of disintegration (14/24)
Scrolls
 a - 3 scrolls of remove curse {unknown}
 c - 3 scrolls of recharging
 i - 4 scrolls of immolation {unknown}
 k - 2 scrolls of blinking {unknown}
 l - 7 scrolls of teleportation {unknown}
 o - a scroll of amnesia {unknown}
 p - 2 scrolls of fog {unknown}
 r - 8 scrolls of identify {unknown}
 z - a scroll of magic mapping {unknown}
 A - 2 scrolls of fear {unknown}
 F - a scroll of noise {unknown}
Potions
 g - 2 potions of heal wounds {unknown}
 h - a potion of cancellation {unknown}
 m - 5 potions of curing {unknown}
 n - 2 potions of mutation {unknown}
 B - a potion of magic {unknown}
 D - 2 potions of resistance {unknown}
 I - 2 potions of ambrosia {unknown}
 L - a potion of haste
Books
 J - a book of Callings

   Spells                             Type                      Level
   a - Summon Small Mammal            Summoning                    1
   b - Call Imp                       Summoning                    2
   c - Call Canine Familiar           Summoning                    3
   d - Summon Guardian Golem          Hexes/Summoning              3
   e - Summon Lightning Spire         Summoning/Air                4
   f - Summon Ice Beast               Ice/Summoning                4
 N - a book of Changes

   Spells                             Type                      Level
   a - Beastly Appendage              Transmutation                1
   b - Sticks to Snakes               Transmutation                2
   c - Spider Form                    Transmutation/Poison         3
   d - Ice Form                       Ice/Transmutation            4
   e - Blade Hands                    Transmutation                5
Comestibles
 f - 3 bread rations
 s - 5 meat rations
 H - 15 chunks of flesh
 M - a fruit


   Skills:
 + Level 8.4 Fighting
 + Level 8.7 Crossbows
 + Level 8.0 Armour
 + Level 7.9 Dodging
 - Level 0.7 Stealth
   Level 0.0 Shields


You had 8 spell levels left.
You didn't know any spells.

Dungeon Overview and Level Annotations

Branches:
Dungeon (7/15)             Temple (1/1) D:5

Altars:
Cheibriados
Fedhas
Gozag
Okawaru
Qazlal
Sif Muna
Trog
Xom

Shops:
D:4 %*   D:6 %


Innate Abilities, Weirdness & Mutations

You reflexively headbutt those who attack you in melee.
You have a pair of horns on your head.


Message History

You slash the ogre!
The ogre is heavily wounded.
The ogre barely misses you.
Some of the chunks of flesh in your inventory have rotted away.
You hit the ogre.
The ogre is severely wounded.
The ogre closely misses you.
You completely miss the ogre. Your headbutt misses the ogre.
The ogre is severely wounded.
The ogre hits you with a giant club!!
* * * LOW HITPOINT WARNING * * *
The ogre misses you.
Your chain mail prevents you from hitting the ogre.
The ogre is severely wounded.
The ogre hits you with a giant club!
* * * LOW HITPOINT WARNING * * *
Your chain mail prevents you from hitting the ogre.
The ogre is severely wounded.
The ogre hits you with a giant club!
You die...

#.# #.# ####### #.# ####.#
#...... #.##########.##>#
#.#####
##.............#.##########.#
#..########.#.......(.......#
#.## ##.#>#.############ #.#
##.##.# #.# ####O# #.# #@#
#.# #.#
#.##############.##########
#...........#.............#
#.#########.#.##.########.#
#.##### #.#.##.# #.# ##
#.....# #.#.##.# #.# #.
#.###.# #.#.##.# #.# #. #.#
#.# ##.#.##.# #.# #.


You could see an ogre.

Vanquished Creatures
  Edmund (D:5)
  3 wargs
  4 orc warriors
  2 ice beasts
  A sky beast (D:6)
  A phantom (D:5)
  4 ogres
  A centaur (D:6)
  3 bullfrogs
  A gnoll sergeant (D:5)
  A wyvern skeleton (D:6)
  2 scorpions
  5 crimson imps
  A centaur zombie (D:5)
  A bullfrog zombie (D:7)
  5 orc priests
  2 hounds
  A jelly (D:5)
  8 orc wizards
  2 iguanas (D:4)
  2 worker ants
  2 hound skeletons
  A hound zombie (D:5)
  A worker ant zombie (D:7)
  8 adders
  7 gnolls
  A howler monkey skeleton (D:6)
  A shadow imp (D:5)
  3 oozes
  2 adder skeletons
  2 worms
  6 leopard geckos
  34 orcs
  A ball python (D:4)
  6 giant cockroaches
  9 goblins
  10 hobgoblins
  4 jackals (D:4)
  8 kobolds
  6 quokkas
  9 bats
  4 frilled lizards
  A jackal skeleton (D:6)
  A jackal zombie (D:5)
  A leopard gecko skeleton (D:4)
  A quokka zombie (D:7)
  8 rats
188 creatures vanquished.

Vanquished Creatures (others)
  A wizard (D:4)
1 creature vanquished.

Grand Total: 189 creatures vanquished

Notes
Turn   | Place    | Note
-------+----------+-------------------------------------------
     0 | D:1      | Minion the Minotaur Hunter began the quest for the Orb.
     0 | D:1      | Reached XP level 1. HP: 18/18 MP: 0/0
   207 | D:1      | Reached XP level 2. HP: 25/25 MP: 1/1
   589 | D:1      | Reached skill level 1 in Armour
   940 | D:2      | Reached XP level 3. HP: 29/30 MP: 2/2
  1537 | D:3      | Reached XP level 4. HP: 38/38 MP: 3/3
  1777 | D:3      | Reached skill level 5 in Crossbows
  1920 | D:3      | Reached XP level 5. HP: 25/46 MP: 4/4
  2764 | D:4      | Noticed an ice beast
  2772 | D:4      | Killed an ice beast
  2772 | D:4      | Reached XP level 6. HP: 52/52 MP: 5/5
  2835 | D:4      | Found Onaukhluo's Food Emporium.
  3110 | D:4      | Found Ttsi's Tempting Trifles.
  3174 | D:4      | Bought a +0 triple crossbow for 130 gold pieces
  3265 | D:4      | Found a bloodstained altar of Trog.
  3266 | D:4      | Noticed a wizard
  3272 | D:4      | Killed a wizard
  3750 | D:5      | Entered Level 5 of the Dungeon
  3750 | D:5      | Noticed Edmund
  3812 | D:5      | Noticed an ice beast
  3813 | D:5      | Killed an ice beast
  3813 | D:5      | Reached XP level 7. HP: 60/60 MP: 6/6
  3863 | D:5      | Reached skill level 5 in Fighting
  3863 | D:5      | Reached skill level 5 in Dodging
  4160 | D:5      | Killed Edmund
  4160 | D:5      | Reached skill level 5 in Armour
  4174 | D:5      | Reached XP level 8. HP: 68/70 MP: 7/7
  4181 | D:5      | Found a staircase to the Ecumenical Temple.
  4253 | Temple   | Entered the Ecumenical Temple
  4261 | Temple   | Became a worshipper of Warmaster Okawaru
  4846 | D:5      | Found a stormy altar of Qazlal.
  5212 | D:6      | Found Ynaih's Food Shop.
  5263 | D:6      | Reached * piety under Okawaru
  5830 | D:6      | Reached XP level 9. HP: 79/79 MP: 8/8
  6257 | D:7      | Reached ** piety under Okawaru
  7195 | D:7      | Noticed an orc warlord
  7266 | D:6      | HP: 4/82 [ogre/giant club (9)]
  7267 | D:6      | Mangled by an ogre

Skill      XL: |  1  2  3  4  5  6  7  8  9 |
---------------+----------------------------+-----
Armour         | 1 2 3 4 5 6 8 |  8.0
Fighting       | 3 4 5 7 8 |  8.4
Dodging        | 3 4 5 7 |  7.9
Crossbows      | 5 6 7 8 |  8.7
Stealth        | |  0.7

Action                   |  1- 3 |  4- 6 |  7- 9 || total
-------------------------+-------+-------+-------++-------
Melee: Short sword       |    96 |    59 |       ||   155
       Headbutt          |    14 |    23 |     3 ||    40
       War axe           |       |    79 |    12 ||    91
 Fire: Triple crossbow   |       |    14 |   255 ||   269
  Use: Scroll            |     1 |       |       ||     1
  Eat: Chunk             |     2 |     5 |    11 ||    18
       Royal jelly       |       |     1 |       ||     1
Armor: Leather armour    |     2 |       |       ||     2
       Chain mail        |    33 |    99 |   103 ||   235
Dodge: Dodged            |    53 |    89 |   137 ||   279
